 Dungeon Crawl Stone Soup version 0.29.1-1-gd02db6906a (webtiles) character file.

Game seed: 14487726446834236275

3788 EvilAshe the Cleaver (level 10, -9/90 HPs)
             Began as a Hill Orc Cinder Acolyte on Sept 29, 2022.
             Was a High Priest of Ignis.
             Mangled by a two-headed ogre
             ... wielding a +0 giant club
              (20 damage)
             ... on level 8 of the Dungeon.
             The game lasted 00:24:23 (10646 turns).

EvilAshe the Cleaver (Hill Orc Cinder Acolyte)     Turns: 10646, Time: 00:24:24

Health: -9/90      AC:  9    Str: 22    XL:     10   Next: 16%
Magic:  9/11       EV: 10    Int: 14    God:    Ignis [*****.]
Gold:   399        SH:  0    Dex:  6    Spells: 9/11 levels left

rFire   + . .      SeeInvis .   a - +2 war axe (freeze)
rCold   + . .      Faith    .   (no shield)
rNeg    . . .      Spirit   .   j - +0 ring mail
rPois   .          Reflect  .   s - +0 helmet
rElec   .          Harm     .   N - +2 cloak
rCorr   .          Rampage  .   (no gloves)
Will    +....                   (no boots)
Stlth   ..........              E - amulet of regeneration
HPRegen 1.05/turn               K - ring of willpower
MPRegen 0.12/turn               D - ring of protection from cold

@: no status effects
A: no striking features
a: Renounce Religion, Fiery Armour, Foxfire Swarm, Rising Flame


You were on level 8 of the Dungeon.
You worshipped Ignis.
Ignis was extremely pleased with you.
You visited 1 branch of the dungeon, and saw 8 of its levels.

You collected 399 gold pieces.

Inventory:

Hand Weapons
 a - a +2 war axe of freezing (weapon)
 b - the +3 sling of Drought {freeze, rF++ Will+ MP-9 Int+3}
   (You found it on level 2 of the Dungeon)

   Any ammunition fired from it freezes those it strikes, dealing additional
   cold damage.
   It can also slow down cold-blooded creatures.
   Int:       It affects your intelligence (+3).
   rF:        It greatly protects you from fire.
   MP:        It affects your magic capacity (-9).
   Will:      It increases your willpower.
 f - a -1 hand axe of flaming
 I - a +1 vorpal war axe
Missiles
 k - 77 stones
 y - 3 poisoned darts (quivered)
 L - 3 throwing nets
Armour
 j - a +0 ring mail (worn)
 s - a +0 helmet (worn)
 N - a +2 cloak (worn)
Jewellery
 u - a ring of see invisible
 v - a ring of positive energy
 D - a ring of protection from cold (right hand)
 E - an amulet of regeneration (around neck)
 K - a ring of willpower (left hand)
Wands
 c - a wand of roots (11)
 i - a wand of paralysis (6)
 l - a wand of mindburst (4)
 t - a wand of flame (10)
 w - a wand of quicksilver (9)
 H - a wand of digging (11)
Scrolls
 h - 3 scrolls of teleportation
 m - a scroll of fog
 o - a scroll of noise {unknown}
 p - a scroll of fear {unknown}
 q - 3 scrolls of enchant weapon
 A - a scroll of summoning {unknown}
 F - a scroll of magic mapping {unknown}
 J - a scroll of amnesia {unknown}
 M - 2 scrolls of poison
Potions
 d - 9 potions of curing
 e - a potion of flight
 g - a potion of might
 n - 2 potions of attraction
 r - a potion of degeneration {unknown}
 x - 4 potions of resistance
 z - a potion of brilliance {unknown}
 B - 2 potions of mutation {unknown}
 C - a potion of cancellation {unknown}
 G - 2 potions of lignification


   Skills:
 + Level 8.8 Fighting
 * Level 12.8 Axes
 + Level 4.5 Ranged Weapons
 - Level 1.0 Spellcasting
 + Level 8.0 Fire Magic


You had 9 spell levels left.
You knew the following spells:

 Your Spells              Type           Power      Damage    Failure   Level
a - Scorch                Fire           46%        2d7       2%          2

Your spell library contained the following spells:

 Spells                   Type           Power      Damage    Failure   Level
 Freeze                   Ice            0%         1d3       38%         1
 Magic Dart               Conj           0%         1d3       38%         1
 Sandblast                Erth           0%         2d4       38%         1
 Call Imp                 Summ           0%         N/A       54%         2
 Passwall                 Tmut/Erth      0%         N/A       54%         2
 Call Canine Familiar     Summ           0%         N/A       77%         3
 Frozen Ramparts          Ice            0%         1d1       77%         3
 Mephitic Cloud           Conj/Pois/Air  0%         N/A       77%         3
 Portal Projectile        Hex/Tloc       0%         N/A       77%         3
 Stone Arrow              Conj/Erth      0%         3d7       77%         3
 Summon Guardian Golem    Hex/Summ       0%         N/A       77%         3
 Hailstorm                Conj/Ice       0%         3d3       99%         4
 Leda's Liquefaction      Hex/Erth       0%         N/A       99%         4
 Orb of Destruction       Conj           0%         9d5       100%        7
 Spellforged Servitor     Conj/Summ      0%         N/A       100%        7


Dungeon Overview and Level Annotations

Branches:
Dungeon (8/15)             Temple (0/1) D:6
   Lair: D:8-11

Altars:
Elyvilon
Fedhas
Gozag
Makhleb
Nemelex Xobeh
Ru
Trog
Xom
Zin

Annotations:
D:5 1 runed translucent door, PanSaczeczos's ghost, amateur FoAM
D:8 3 runed translucent doors, EtherCrawl's ghost, novice TrHW


Message History

You throw a poisoned dart.
The poisoned dart hits the two-headed ogre.
The two-headed ogre is poisoned.
Throw: 4 darts (poison)
Press: ? - help, Q - select action, (/) - cycle Shift-Dir - straight line, f/p - two-headed ogre
Aim: a two-headed ogre, wielding two +0 giant clubs (poisoned, 73% to hit)
You throw a poisoned dart.
The poisoned dart barely misses the two-headed ogre.
Aiming: Fastroot
Press: ? - help, Shift-Dir - straight line, f/p - two-headed ogre
Aim: a two-headed ogre, wielding two +0 giant clubs (poisoned)
The roots erupt in riotous growth!
Roots grab the two-headed ogre.
The grasping roots constrict the two-headed ogre!
The two-headed ogre escapes!
Okay, then.
Casting: Scorch (safe; 2% risk of failure)
Confirm with . or Enter, or press ? or * to list all spells.
Flames lash the two-headed ogre.
The two-headed ogre is lightly wounded.
The two-headed ogre's fire resistance burns away.
The two-headed ogre looks more healthy.
You hit the two-headed ogre. You freeze the two-headed ogre.
The two-headed ogre is moderately wounded.
The two-headed ogre hits you with a +0 giant club!!
The two-headed ogre closely misses you.
You slash the two-headed ogre! You freeze the two-headed ogre.
The two-headed ogre is severely wounded.
The two-headed ogre is no longer more vulnerable to fire.
You closely miss the two-headed ogre.
The two-headed ogre is severely wounded.
The two-headed ogre hits you with a +0 giant club! x2
You closely miss the two-headed ogre.
The two-headed ogre is severely wounded.
You barely miss the two-headed ogre. Your punch misses the two-headed ogre.
The two-headed ogre is severely wounded.
The two-headed ogre hits you with a +0 giant club!!
* * * LOW HITPOINT WARNING * * *
The two-headed ogre hits you with a +0 giant club!!
You die...

##...###.....# .)...##......#
......#....>##
.##........##########
..#.#####..##...#)..# ...##
#...........# ...# ##...##.....
...#####..####..###
.....##...###...@.#
..#...##.###...##O......
..##..#.........#.....##
...##.##............[.#
.........##+++##......#
...##...##.gDWo##.....#
####....#∩.._...#..(.........
........#8..8..8#.##(##.......#
........#∩.....∩#.... ##......#


You could see a two-headed ogre.

Vanquished Creatures
  Maurice (D:8)
  6 yaks
  A steam dragon (D:8)
  4 vampire mosquitoes (D:7)
  A water moccasin (D:7)
  An ogre (D:5)
  2 centaurs
  3 bullfrogs
  A necrophage (D:5)
  A scorpion (D:7)
  A gnoll sergeant (D:7)
  3 wights (D:7)
  A howler monkey (D:8)
  2 jellies (D:5)
  4 hounds
  3 orc priests
  Jessica (D:2)
  A gnoll bouda (D:6)
  7 iguanas
  Natasha (thrice) (D:2)
  6 orc wizards
  7 gnolls
  12 adders
  A shadow imp (D:7)
  3 white imps
  An ufetubus (D:6)
  3 dart slugs
  3 worms
  21 orcs
  6 ball pythons
  5 bats
  3 endoplasms
  2 giant cockroaches
  4 goblins
  5 hobgoblins
  7 jackals
  5 quokkas
  5 frilled lizards
  3 kobolds
  24 rats
173 creatures vanquished.

Vanquished Creatures (others)
  A wizard (D:6)
  A shadow imp (D:7)
  2 withered plants (D:5)
4 creatures vanquished.

Grand Total: 177 creatures vanquished

Notes
Turn   | Place    | Note
-------+----------+-------------------------------------------
     0 | D:1      | EvilAshe the Hill Orc Cinder Acolyte began the quest for
                  | the Orb.
     0 | D:1      | Reached XP level 1. HP: 19/19 MP: 2/2
   183 | D:1      | Reached XP level 2. HP: 18/27 MP: 3/3
   280 | D:1      | Learned a level 2 spell: Scorch
  1108 | D:2      | Identified the +3 sling of Drought {freeze, rF++ Will+ MP-9
                  | Int+3}
  1133 | D:2      | Noticed Natasha
  1135 | D:2      | Noticed a crimson imp
  1142 | D:2      | Noticed Jessica
  1695 | D:2      | Reached XP level 3. HP: 33/33 MP: 0/4
  1958 | D:2      | Reached skill level 5 in Axes
  2425 | D:2      | Killed Jessica
  2426 | D:2      | Reached XP level 4. HP: 31/40 MP: 0/5
  2555 | D:2      | Killed Natasha
  2571 | D:2      | Noticed Natasha
  2578 | D:2      | Killed Natasha
  2579 | D:2      | Reached skill level 6 in Axes
  2579 | D:2      | Reached XP level 5. HP: 36/47 MP: 0/6
  2765 | D:2      | Found a faded altar of an unknown god.
  3012 | D:2      | Found a faded altar of an unknown god.
  3114 | D:2      | Noticed Natasha
  3124 | D:2      | Killed Natasha
  3677 | D:3      | Reached XP level 6. HP: 21/55 MP: 2/7
  3930 | D:3      | Reached skill level 5 in Fighting
  4503 | D:3      | Reached skill level 7 in Axes
  5436 | D:5      | Entered Level 5 of the Dungeon
  5507 | D:5      | Found a burning altar of Makhleb.
  5513 | D:5      | Reached skill level 5 in Fire Magic
  5513 | D:5      | Reached XP level 7. HP: 49/61 MP: 8/8
  5589 | D:5      | Reached skill level 8 in Axes
  5856 | D:5      | Found a white marble altar of Elyvilon.
  6108 | D:5      | Found a runed translucent door.
  6108 | D:5      | Noticed PanSaczeczos's ghost (amateur FoAM)
  6243 | D:5      | Reached skill level 9 in Axes
  6282 | D:5      | Reached XP level 8. HP: 54/70 MP: 9/9
  6741 | D:6      | Found a sacrificial altar of Ru.
  6994 | D:6      | Reached skill level 1 in Ranged Weapons
  7275 | D:6      | Identified the +5 quarterstaff of the Burning God {vorpal,
                  | Will+}
  7338 | D:6      | Found a bloodstained altar of Trog.
  7339 | D:6      | Noticed a wizard
  7345 | D:6      | Killed a wizard
  7462 | D:6      | Found a staircase to the Ecumenical Temple.
  7784 | D:7      | Reached skill level 10 in Axes
  8020 | D:7      | Found a glowing silver altar of Zin.
  8022 | D:7      | Noticed an angel
  8026 | D:7      | Found a shimmering altar of Xom.
  8279 | D:7      | Reached XP level 9. HP: 65/79 MP: 10/10
  8297 | D:7      | Reached skill level 11 in Axes
  9169 | D:7      | Found a blossoming altar of Fedhas.
  9529 | D:8      | Noticed a two-headed ogre
  9533 | D:7      | Reached skill level 12 in Axes
  9959 | D:7      | Reached XP level 10. HP: 74/90 MP: 9/11
 10036 | D:8      | Noticed Maurice
 10176 | D:8      | Killed Maurice
 10386 | D:8      | Found a sparkling altar of Nemelex Xobeh.
 10537 | D:8      | Found a runed translucent gate.
 10537 | D:8      | Found a runed translucent gate.
 10537 | D:8      | Found a runed translucent gate.
 10538 | D:8      | Found an opulent altar of Gozag.
 10541 | D:8      | Noticed EtherCrawl's ghost (novice TrHW)
 10626 | D:8      | Noticed a fire dragon
 10646 | D:8      | Mangled by a two-headed ogre

Illustrated notes

Levels and vault maps discovered:
D:1:      doesnt_arrival_eight_statues, layout_basic
D:2:      layout_basic, hellmonk_ecumenical_altar_arch_garden,
          minmay_liquid_box, minmay_rat_hole, uniq_natasha, uniq_jessica
D:3:      layout_loops_ring
D:4:      layout_cave_pools, kennysheep_generic_room_13
D:5:      layout_basic, nicolae_elyvilon_peaceful_grove,
          mainiacjoe_overflow_24_doors, gammafunk_ghost_grave, serial_rivers,
          chequers_serial_rivers_small_3, chequers_serial_rivers_large_b,
          chequers_serial_rivers_micro_b, chequers_serial_rivers_micro_c,
          chequers_serial_rivers_micro_e, chequers_decorated_corner
D:6:      layout_basic, nicolae_ru_great_annihilating_truth, trog_wizard,
          temple_green, st_stairs_14
D:7:      layout_basic, mainiacjoe_overflow_alcove_4,
          grunt_temple_overflow_order_and_chaos_1
D:8:      layout_cave_pools, general_overflow_altar, ebering_ghost_gozag,
          uniq_maurice

Skill      XL: |  1  2  3  4  5  6  7  8  9 10 |
---------------+-------------------------------+-----
Fighting       | 4 5 6 7 8 |  8.8
Axes           | 5 6 7 9 10 12 | 12.8
Fire Magic     | 4 5 6 7 8 |  8.0
Ranged Weapons | 2 4 |  4.5
Spellcasting   | |  1.0

Action                   |  1- 3 |  4- 6 |  7- 9 | 10-12 || total
-------------------------+-------+-------+-------+-------++-------
Melee: Hand axe          |    10 |       |       |       ||    10
       War axe           |    65 |   147 |   214 |    21 ||   447
       Punch             |       |     1 |     3 |       ||     4
 Fire: Sling             |    23 |    19 |    14 |       ||    56
Throw: Stone             |       |     4 |     2 |       ||     6
       Dart              |       |     2 |     7 |     2 ||    11
 Cast: Scorch            |     3 |     9 |    21 |     6 ||    39
Invok: Fiery Armour      |       |       |     1 |       ||     1
Evoke: Wand              |       |       |     3 |     1 ||     4
  Use: Scroll            |       |     9 |     5 |       ||    14
Armor: Robe              |     1 |       |       |       ||     1
       Ring mail         |    31 |    69 |    86 |     1 ||   187
Dodge: Dodged            |    43 |    80 |   117 |     7 ||   247
